 Dungeon Crawl Stone Soup version 0.18-a0-912-g81d1dc4 (webtiles) character file.

307 M4edhros the Sneak (level 6, 0/39 HPs)
             Began as an Octopode Artificer on Dec 25, 2015.
             Slain by a scorpion (7 damage)
             ... on level 4 of the Dungeon.
             The game lasted 00:02:54 (1012 turns).

M4edhros the Sneak (Octopode Artificer)             Turns: 1012, Time: 00:02:54

Health: 0/39       AC:  1    Str: 10    XL:     6   Next: 40%
Magic:  9/9        EV: 14    Int: 16    God:
Gold:   32         SH:  0    Dex: 13    Spells: 0 memorised, 5 levels left

rFire  . . .     SeeInvis .     e - +4 great sword
rCold  . . .     Gourm    .     (shield currently unavailable)
rNeg   . . .     Faith    .     (helmet restricted)
rPois  .         Spirit   .     (no amulet)
rElec  .         Dismiss  .     l - ring of stealth
rCorr  .         Reflect  .     (no ring)
SustAt .         Harm     .     (no ring)
MR     .....                    (no ring)
Stlth  +++++.....               (no ring)
                                (no ring)
                                (no ring)
                                (no ring)

@: not resistant to hostile enchantments, quite stealthy
A: almost no armour, amphibious, 8 rings, constrict 8, camouflage 1, gelatinous
body 1
a: no special abilities


You were on level 4 of the Dungeon.
You were hungry.

You visited 1 branch of the dungeon, and saw 4 of its levels.

You collected 32 gold pieces.

Inventory:

Hand Weapons
 a - a +0 short sword
 e - a +4 great sword (weapon)
Jewellery
 l - a ring of stealth (left tentacle)
Wands
 b - a wand of flame (10/48)
 c - a wand of enslavement (10/24)
 d - a wand of random effects (11/48)
Scrolls
 h - a scroll of teleportation {unknown}
 i - 2 scrolls of identify {unknown}
 k - a scroll of immolation {unknown}
 n - 2 scrolls of enchant armour {unknown}
 p - a scroll of magic mapping {unknown}
 q - a scroll of fog {unknown}
Potions
 g - a potion of degeneration
 o - a potion of curing
Comestibles
 f - a bread ration
 j - a beef jerky
 m - a meat ration


   Skills:
 * Level 1.7 Fighting
 - Level 1.0(1.2) Short Blades
 * Level 1.1(1.3) Long Blades
 * Level 4.2 Dodging
 - Level 5.2 Stealth
 + Level 4.4 Evocations


You had 5 spell levels left.
You didn't know any spells.

Dungeon Overview and Level Annotations

Branches:
Dungeon (4/15)
 Temple: D:4-7

Altars:
Ashenzari
The Shining One

Annotations:
D:2 Robin


Innate Abilities, Weirdness & Mutations

You cannot wear most types of armour.
You are amphibious.
You can wear up to eight rings at the same time.
You can use your tentacles to constrict eight enemies at once.
Your skin changes colour to match your surroundings (Stealth).
Your rubbery body absorbs attacks (AC +1).


Message History

Aim: a scorpion You hear a mighty clap of thunder!
The bolt of lightning hits the scorpion.
The scorpion is almost dead.
This wand has 11 charges left.
You hear a shout!
Evoke which item? (* to show all) (? for menu, Esc to quit)
Zapping:
b - a wand of flame (11/48)
Press: ? - help, Shift-Dir - straight line, f/p - scorpion
Aim: a scorpion (almost dead)
The puff of flame misses the scorpion.
This wand has 10 charges left.
The scorpion stings you!
* * * LOW HITPOINT WARNING * * *
Evoke which item? (* to show all) (? for menu, Esc to quit)
Zapping:
c - a wand of enslavement (11/24)
Press: ? - help, Shift-Dir - straight line, f/p - scorpion
Aim: a scorpion (almost dead, chance to defeat MR: 55%)
The scorpion resists with significant effort.
This wand has 10 charges left.
The scorpion stings you!
You die...

#.# #.## ######..# ..
#.......######.....
#..........$....... #
#........## #.#.... #.
#..!...#..###.#.... #..
#..................
#..####s@.........#.#....
#..)))............#.#....
#.#......##..............
#......................
#......##.......###..##
#......##.......##...##
#.###.###.......##.#.#
#..##.# #.......##<#.#
##.##..##.......#..#.##


You could see a scorpion.

Vanquished Creatures
  An ogre (D:4)
  An orc priest (D:4)
  Jessica (D:2)
  A worker ant (D:4)
  An iguana (D:4)
  2 adders (D:2)
  A giant gecko (D:4)
  3 orcs (D:4)
  2 bats (D:2)
  5 goblins
  4 hobgoblins
  6 kobolds
  A giant cockroach (D:2)
  A giant newt (D:3)
  3 rats
33 creatures vanquished.

Vanquished Creatures (collateral kills)
  An adder (D:4)
  A goblin (D:2)
  A kobold (D:2)
3 creatures vanquished.

Vanquished Creatures (others)
  An ogre (D:4)
  An adder (D:2)
2 creatures vanquished.

Grand Total: 38 creatures vanquished

Notes
Turn   | Place    | Note
--------------------------------------------------------------
     0 | D:1      | M4edhros the Octopode Artificer began the quest for the Orb.
     0 | D:1      | Reached XP level 1. HP: 13/13 MP: 3/3
   137 | D:2      | Noticed Jessica
   140 | D:2      | Killed Jessica
   140 | D:2      | Reached XP level 2. HP: 18/18 MP: 4/4
   140 | D:2      | Reached XP level 3. HP: 23/23 MP: 5/5
   163 | D:2      | Found a shattered altar of Ashenzari.
   187 | D:2      | Noticed Robin
   364 | D:2      | Reached XP level 4. HP: 18/28 MP: 6/6
   569 | D:3      | Reached skill level 4 in Stealth
   875 | D:4      | Reached XP level 5. HP: 25/33 MP: 7/7
   880 | D:4      | Found a glowing golden altar of the Shining One.
   893 | D:4      | Noticed an ogre
   898 | D:4      | Killed an ogre
   898 | D:4      | Reached skill level 5 in Stealth
   995 | D:4      | Reached XP level 6. HP: 38/38 MP: 9/9
  1007 | D:4      | Reached skill level 1 in Long Blades
  1012 | D:4      | Slain by a scorpion

Vault maps used:
D:1:      lightli_molten_gateway
D:2:      evilmike_ruin_ashenzari, uniq_iyjb, uniq_robin, uniq_jessica
D:3:      nicolae_overflow_hidden_temple, ecumenical_altar_2
D:4:      lemuel_doored_altar, nicolae_tso_carved_into_rock, st_stairs_1

Action                   |  1- 3 |  4- 6 || total
-------------------------+-------+-------++-------
Melee: Short sword       |    39 |    22 ||    61
       Great sword       |       |     9 ||     9
Evoke: Wand              |     4 |    10 ||    14
  Use: Potion            |       |     4 ||     4
 Stab: Sleeping          |     3 |     8 ||    11
